AoeStats
← Apeiron

Arena

509881321Analyzed
2v2 RM · 4d ago on Sep 28, 2026· 27m 39s· 4 players
Game mode
Random Map
Map size
Medium (4 player)
Population
200
Speed
Normal
Resources
Standard
Victory
Conquest
Starting age
Dark Age
Ending age
Imperial Age
RankedLock teamsTeams togetherTeam positionsShared explorationLock speedFull tech treeHidden civsTurbo modeCheats
Victory
Defeat
🇹🇼 Mongols · Taiwan
993
+14
🇹🇼 Britons · Taiwan
817
+20
🇹🇷 Turks · Türkiye
937
-17
936
-17
BlueWolf
8:17 Loom
11:18 Feudal Age
13:30 Double-Bit Axe
16:33 Castle Age
14:34 Fletching
16:23 Horse Collar
17:09 Light Cavalry
18:50 Town Watch
21:53 Stone Mining
24:28 Bodkin Arrow
26:18 Murder Holes
27:22 Padded Archer Armor
27:34 Bloodlines
153159
0:45 Loom
10:48 Feudal Age
14:15 Double-Bit Axe
19:04 Castle Age
18:39 Wheelbarrow
18:00 Fletching
19:29 Stone Mining
19:30 Gold Mining
19:58 Bodkin Arrow
20:04 Padded Archer Armor
23:14 Scale Barding Armor
22:50 Elite Skirmisher
23:21 Light Cavalry
28:08 Leather Archer Armor
28:17 Ballistics
Apeiron
14:17 Feudal Age
17:49 Castle Age
20:06 Loom
word.exe ömer EasySkins com
7:23 Loom
12:30 Feudal Age
12:56 Double-Bit Axe
12:56 Horse Collar
17:25 Castle Age
17:50 Wheelbarrow
19:01 Bow Saw
19:12 Heavy Plow
22:46 Devotion
22:51 Husbandry
24:37 Scale Barding Armor
24:53 Fletching
25:17 Forging
Connection lost

Rejoining the realm…

Still unreachable

The connection could not be restored.

Session expired

The server has moved on; the page needs a fresh start.